 Dungeon Crawl Stone Soup version 0.15.0-13-gb296d5c (webtiles) character file.

635 zercules the Covered (level 7, -4/59 HPs)
             Began as a Hill Orc Fighter on Sept 3, 2014.
             Was a Follower of Yredelemnul.
             Slain by a gnoll
             ... wielding a +0 spear
              (6 damage)
             ... on Level 6 of the Dungeon.
             The game lasted 00:14:46 (3113 turns).

zercules the Covered (Hill Orc Fighter)             Turns: 3113, Time: 00:14:46

HP  -4/59        AC 15     Str 19      XL: 7   Next: 50%
MP  11/11        EV  6     Int  9      God: Yredelemnul [*.....]
Gold 167         SH  9     Dex 10      Spells:  0 memorised,  6 levels left

rFire  + . .     SeeInvis .     a - +0 long sword
rCold  . . .     Clarity  .     p - +1 scale mail {rF+}
rNeg   . . .     rCorr    .     c - +0 shield
rPois  .         rRot     .     e - +0 helmet (curse)
rElec  .         Spirit   .     (no cloak)
SustAb .         Warding  .     (no gloves)
rMut   .         Stasis   .     m - +0 pair of boots (curse)
Gourm  .                        (no amulet)
MR     .....                    (no ring)
                                (no ring)

@: about to teleport, not resistant to hostile enchantments, extremely
unstealthy
A: rough black scales 1, blurry vision 1, low mp 1
a: Animate Remains, Renounce Religion


You were on level 6 of the Dungeon.
You worshipped Yredelemnul.
Yredelemnul was aware of your devotion.
You were hungry.

You visited 1 branch of the dungeon, and saw 6 of its levels.

You collected 167 gold pieces.


Innate Abilities, Weirdness & Mutations

You are partially covered in rough black scales (AC +4, Dex -1).
Your vision is a little blurry.
Your magical capacity is low (-10% MP).


   Skills:
 - Level 4.1 Fighting
 + Level 4.6 Long Blades
 - Level 6.2 Armour
 - Level 3.8 Shields
 + Level 5.3 Invocations


You had 6 spell levels left.
You didn't know any spells.

Dungeon Overview and Level Annotations

Branches:
Dungeon (6/15)
 Temple: D:4-7

Altars:
Dithmenos
Kikubaaqudgha
Nemelex Xobeh
Yredelemnul

Annotations:
D:3 Grinder
D:5 gw's ghost, experienced CeHu

Inventory:

Hand weapons
 a - a +0 long sword (weapon)
 g - a +0 great sword
Missiles
 n - 7 javelins of penetration (quivered)
Armour
 b - a +0 scale mail
 c - a +0 shield (worn)
 e - a cursed +0 helmet (worn)
 j - a +0 plate armour
 m - a cursed +0 pair of boots (worn)
 p - a +1 scale mail of fire resistance (worn)
   (You found it on level 6 of the Dungeon)
Magical devices
 o - a wand of polymorph (6)
 t - a wand of paralysis (17) {unknown}
Comestibles
 d - 2 meat rations
 s - a bread ration
 x - 2 chunks of orc flesh {@w1}
Scrolls
 f - a scroll of magic mapping
 h - 2 scrolls of remove curse {unknown}
 k - a scroll of teleportation {@r4}
 r - 2 scrolls of amnesia {unknown}
 u - a scroll of fog {unknown}
 w - a scroll of identify {unknown}
Potions
 i - a potion of curing {unknown}
 q - a potion of restore abilities {unknown}
Books
 l - a book of Changes

###..##........#**
#....##B..#..#...,
#.#.....#.#..#####
#.#########..#.,,,
#..............,,,
#....#.........**,
#)##.#.########*,,
#B##.#B# *,,
#@g..#.# *,,
***###..#.######
*,,
*,,,,#.........#
*,,
*,*#....#......#
*,,
*.......#......#
*,,
#.#.###.#......#
*,, *,#.*
#.#......# *,,
*,.,* #.#......#*
*,, ***,*
#.##'#...,* *,,


You could see a goliath beetle and a gnoll.


Message History

The gnoll hits you but does no damage.
You hit the gnoll but do no damage. You block the gnoll's attack.
You hit the goliath beetle but do no damage.
The goliath beetle is moderately wounded.
The gnoll hits you with a spear. The goliath beetle barely misses you.
You hit the goliath beetle.
The goliath beetle is heavily wounded.
You block the gnoll's attack. x2
You hit the goliath beetle but do no damage.
The goliath beetle is heavily wounded.
The goliath beetle bites you!
* * * LOW HITPOINT WARNING * * *
The gnoll hits you with a spear.
* * * LOW HITPOINT WARNING * * *
Your shield and scale mail prevent you from hitting the goliath beetle.
The goliath beetle is heavily wounded.
You block the gnoll's attack. The goliath beetle barely misses you.
You hit the goliath beetle but do no damage.
The goliath beetle is heavily wounded.
The gnoll hits you but does no damage. You block the gnoll's attack.
You closely miss the gnoll. You block the gnoll's attack.
You block the goliath beetle's attack.
You slash the gnoll!
The gnoll is heavily wounded.
You block the gnoll's attack. The gnoll hits you with a spear.
* * * LOW HITPOINT WARNING * * *
You closely miss the gnoll.
The gnoll is heavily wounded.
The gnoll hits you with a spear.
* * * LOW HITPOINT WARNING * * *
The goliath beetle barely misses you.
You slash the goliath beetle!
The goliath beetle is heavily wounded.
The gnoll hits you but does no damage. You block the goliath beetle's attack.
You barely miss the goliath beetle.
The goliath beetle is heavily wounded.
The gnoll hits you but does no damage.
You hit the goliath beetle but do no damage.
The goliath beetle is heavily wounded.
The gnoll hits you but does no damage. The goliath beetle bites you!
* * * LOW HITPOINT WARNING * * *
The gnoll completely misses you.
Use which ability? (? or * to list)
You can't do that.
Drink which item? (? for menu, Esc to quit)
Okay, then.
Read which item? (? for menu, Esc to quit)
As you read the scroll of teleportation {@r4}, it crumbles to dust.
You feel strangely unstable.
Drink which item? (? for menu, Esc to quit)
Okay, then.
Read which item? (? for menu, Esc to quit)
Okay, then.
Use which ability? (? or * to list)
Okay, then.
Drink which item? (? for menu, Esc to quit)
Okay, then.
Read which item? (? for menu, Esc to quit)
As you read the scroll labeled CHIMYD OMOOJ, it crumbles to dust.
You feel aware of your surroundings.
It was a scroll of magic mapping.
The gnoll barely misses you. The goliath beetle bites you.
* * * LOW HITPOINT WARNING * * *
Drink which item? (? for menu, Esc to quit)
You feel extremely strange.
Your vision blurs.
You feel less energetic.
Rough black scales grow over part of your body.
It was a potion of mutation.
The gnoll hits you with a spear.
You die...
Your body rises from the dead as a mindless zombie.

Action                   |  1- 3 |  4- 6 |  7- 9 || total
-------------------------+-------+-------+-------++-------
Melee: Long sword        |    97 |   143 |    98 ||   338
Throw: Javelin           |       |       |    26 ||    26
Evoke: Wand              |       |       |     1 ||     1
  Use: Scroll            |       |     2 |     2 ||     4
       Potion            |       |     1 |     1 ||     2
  Eat: Beef jerky        |     1 |     1 |       ||     2
       Chunk             |       |     2 |     2 ||     4

Vault maps used:
D:1:      dpeg_arrival_oval, okawaru_ov_weapons_minmay
D:2:      minitemple
D:3:      lemuel_doored_altar, uniq_grinder
D:4:      minmay_opposing_rooms, tgw_trog, first_bread, grunt_decor_resistance
D:5:      grunt_temple_overflow_open, uniq_sigmund

Notes
Turn   | Place    | Note
--------------------------------------------------------------
     0 | D:1      | zercules, the Hill Orc Fighter, began the quest for the Orb.
     0 | D:1      | Reached XP level 1. HP: 19/19 MP: 1/1
   145 | D:2      | Reached XP level 2. HP: 13/27 MP: 2/2
   510 | D:3      | Reached XP level 3. HP: 11/33 MP: 3/3
   557 | D:3      | Found a shadowy altar of Dithmenos.
   608 | D:3      | Reached skill level 4 in Fighting
   872 | D:3      | Noticed Grinder
   880 | D:3      | HP: 8/33 [Grinder (1)]
  1150 | D:4      | Reached skill level 4 in Armour
  1150 | D:4      | Reached XP level 4. HP: 40/40 MP: 4/4
  1160 | D:4      | Noticed a moth of wrath
  1265 | D:4      | Noticed an ogre
  1283 | D:5      | Entered Level 5 of the Dungeon
  1283 | D:5      | Found a sparkling altar of Nemelex Xobeh.
  1283 | D:5      | Found a basalt altar of Yredelemnul.
  1284 | D:5      | Found an ancient bone altar of Kikubaaqudgha.
  1310 | D:5      | Reached skill level 5 in Armour
  1384 | D:5      | Reached XP level 5. HP: 33/46 MP: 5/5
  1426 | D:5      | Became a worshipper of Yredelemnul the Dark
  1518 | D:5      | Noticed Sigmund
  1527 | D:5      | Reached skill level 1 in Invocations
  1542 | D:5      | Killed Sigmund
  1542 | D:5      | Reached skill level 6 in Armour
  1542 | D:5      | Reached skill level 2 in Invocations
  1542 | D:5      | Reached XP level 6. HP: 20/52 MP: 6/8
  1701 | D:5      | Noticed a phantom
  1730 | D:5      | HP: 4/52 [acid (12)]
  1733 | D:5      | Reached skill level 3 in Invocations
  1748 | D:5      | HP: 5/52 [phantom (3)]
  1920 | D:5      | Reached skill level 3 in Long Blades
  1935 | D:5      | Noticed gw's ghost (experienced CeHu)
  2286 | D:6      | Reached skill level 4 in Invocations
  2286 | D:6      | Reached XP level 7. HP: 36/59 MP: 12/12
  2513 | D:6      | Reached skill level 4 in Long Blades
  2929 | D:6      | Reached skill level 5 in Invocations
  2942 | D:6      | Acquired Yredelemnul's first power
  3107 | D:6      | HP: 14/59 [gnoll/spear (4)]
  3112 | D:6      | HP: 2/59 [goliath beetle (5)]
  3113 | D:6      | Gained mutation: Your vision is a little blurry. [potion of mutation]
  3113 | D:6      | Gained mutation: Your magical capacity is low (-10% MP). [potion of mutation]
  3113 | D:6      | Gained mutation: You are partially covered in rough black scales (AC +4, Dex -1). [potion of mutation]
  3113 | D:6      | Slain by a gnoll

Vanquished Creatures
  An ogre (D:5)
  Sigmund (D:5)
  A scorpion (D:5)
  A crimson imp (D:5)
  3 jellies
  5 orc wizards
  An iguana (D:5)
  A worker ant (D:4)
  A big kobold zombie (D:5)
  3 adders
  A green rat (D:6)
  A gnoll (D:6)
  A shadow imp (D:6)
  An inept feature mimic (D:3)
  A worm (D:3)
  7 giant geckos
  An ooze (D:3)
  6 orcs
  4 bats
  2 giant cockroaches
  3 goblins
  3 hobgoblins
  2 jackals (D:6)
  A ball python (D:2)
  A giant newt (D:1)
  2 kobolds
  3 quokkas
58 creatures vanquished.
